 Dungeon Crawl Stone Soup version 0.28.0-53-g5a82cb258f (webtiles) character file.

Game seed: 929202218359283238

861 styxcanada the Covert (level 7, 0/36 HPs)
             Began as a Spriggan Brigand on June 22, 2022.
             Slain by an ogre
             ... wielding a +0 giant spiked club
              (14 damage)
             ... on level 5 of the Dungeon on June 23, 2022.
             The game lasted 00:27:10 (5832 turns).

styxcanada the Covert (Spriggan Brigand)            Turns: 5832, Time: 00:27:11

Health: 0/36       AC:  3    Str:  7    XL:     7   Next: 71%
Magic:  12/12      EV: 20    Int: 12    God:
Gold:   152        SH:  0    Dex: 21    Spells: 10/11 levels left

rFire   + . .      SeeInvis +   d - +0 dagger (venom)
rCold   . . .      Faith    .   (no shield)
rNeg    . . .      Spirit   .   b - +0 robe
rPois   .          Reflect  .   (helmet restricted)
rElec   .          Harm     .   c - +0 cloak
rCorr   .          Rampage  .   (gloves unavailable)
Will    +....                   (boots unavailable)
Stlth   +++++.....              (no amulet)
HPRegen 0.12/turn               (no ring)
MPRegen 0.13/turn               (no ring)

@: very quick
A: very small, no large weapons, unfitting armour, see invisible, speed 3, agile
1, fire resistance 1, subdued magic 1
a: no special abilities


You were on level 5 of the Dungeon.
You visited 1 branch of the dungeon, and saw 8 of its levels.

You collected 194 gold pieces.
You spent 42 gold pieces at shops.

Inventory:

Hand Weapons
 a - a +2 dagger
 d - a +0 dagger of venom (weapon)
Missiles
 e - 5 poisoned darts (quivered)
 f - 171 stones
 p - 42 sling bullets
 u - a curare-tipped dart
Armour
 b - a +0 robe (worn)
 c - a +0 cloak (worn)
Scrolls
 h - 3 scrolls of teleportation
 n - 2 scrolls of fear
 o - a scroll of amnesia {unknown}
Potions
 g - a potion of magic
 i - 3 potions of haste
 j - a potion of might {unknown}
 k - 2 potions of heal wounds {unknown}
 l - 5 potions of curing
 m - 2 potions of degeneration {unknown}
 q - 2 potions of lignification {unknown}
 r - 2 potions of brilliance {unknown}
 s - a potion of cancellation {unknown}
 t - 2 potions of ambrosia {unknown}


   Skills:
 * Level 3.2 Fighting
 + Level 4.4 Short Blades
 + Level 3.1 Throwing
 * Level 5.1 Dodging
 * Level 9.3 Stealth
 * Level 2.8 Spellcasting
 * Level 0.3 Ice Magic


You had 10 spell levels left.
You knew the following spells:

 Your Spells              Type           Power      Damage    Failure   Level
a - Freeze                Ice            4%         1d3       19%         1

Your spell library contained the following spells:

 Spells                   Type           Power      Damage    Failure   Level
 Shock                    Conj/Air       4%         1d3       22%         1
 Frozen Ramparts          Ice            2%         1d2       50%         3
 Swiftness                Air            1%         N/A       54%         3
 Hailstorm                Conj/Ice       1%         3d3       91%         4
 Airstrike                Air            0%         N/A       92%         4
 Chain Lightning          Conj/Air       0%         2d1       100%        9
 Fire Storm               Conj/Fire      0%         6d1       100%        9
 Shatter                  Erth           0%         3d5*      100%        9


Dungeon Overview and Level Annotations

Branches:
Dungeon (8/15)
 Temple: D:4-7         Lair: D:8-11

Altars:

Shops:
D:5 !?   D:7 [

Annotations:
D:2 Crazy Yiuf


Innate Abilities, Weirdness & Mutations

You are very small and have problems with some larger weapons.
You are too small for most types of armour.
You have supernaturally acute eyesight. (SInv)
You cover ground extremely quickly. (Speed+++)
You are agile. (Dex +2)
Your flesh is heat resistant. (rF+)
Your spells are a little easier to cast, but a little less powerful.


Message History

Aim: a scorpion (64% to hit)
You throw a poisoned dart.
The poisoned dart barely misses the scorpion.
Throw: 4 darts (poison)
Press: ? - help, Q - select action, (/) - cycle Shift-Dir - straight line, f/p - scorpion
Aim: a scorpion (64% to hit)
You throw a poisoned dart. The poisoned dart hits the scorpion!
The scorpion is poisoned.
Casting: Freeze (safe; 21% risk of failure)
Confirm with . or Enter, or press ? or * to list all spells.
You can't see any susceptible monsters within range! (Use Z to cast anyway.) Unknown command.
Throw: 3 darts (poison)
Press: ? - help, Q - select action, (/) - cycle Shift-Dir - straight line, f/p - scorpion
Aim: a scorpion (heavily wounded, very poisoned, 64% to hit)
You throw a poisoned dart.
The poisoned dart barely misses the scorpion.
Casting: Freeze (safe; 21% risk of failure)
Confirm with . or Enter, or press ? or * to list all spells.
Aiming: Freeze (safe; 21% risk of failure)
Press: ? - help, Shift-Dir - straight line, f/p - scorpion
Aim: a scorpion (severely wounded, very poisoned)
You miscast Freeze.
You are very lightly contaminated with residual magic.
Nothing appears to happen.
You kill the scorpion!
You see here a scorpion corpse.
e - 3 poisoned darts (gained 1)
e - 4 poisoned darts (gained 1)
Your magical contamination has completely faded away.
An ogre comes into view. It is wielding a +0 giant spiked club.
You see here a stone.
e - 5 poisoned darts (gained 1)
You see here a stone.
The ogre shouts!
The ogre hits you with a +0 giant spiked club!!
Ouch! That really hurt!
You hit the ogre but do no damage.
The ogre is poisoned.
The ogre hits you with a +0 giant spiked club!
You die...

## ########## #.# #......... ..#
.. #......... .. ... #.........
#. ... #.........#### #.
###.###O........#...# #.
......##@.# ##.....# #.
##........# #.......##.
<.......(.# #.#.......##.
##........# #............ ######
#........# #.#.........
.....#####........####.......#...
......#....>........###..........
.................##...#.......#..
.................# ##.........#..


You could see an ogre (very poisoned).

Vanquished Creatures
  Maggie (D:7)
  Sigmund (D:2)
  2 scorpions
  A centaur zombie (D:5)
  2 hounds
  An orc priest (D:3)
  An iguana (D:4)
  A hound zombie (D:5)
  A hound skeleton (D:5)
  Robin (D:3)
  3 adders
  2 shadow imps (D:5)
  An ufetubus (D:5)
  2 dart slugs
  14 orcs
  9 bats
  3 endoplasms
  3 giant cockroaches
  11 hobgoblins
  6 jackals
  5 kobolds
  3 quokkas
  6 ball pythons
  2 frilled lizards (D:1)
  6 goblins
  7 rats
95 creatures vanquished.

Vanquished Creatures (others)
  3 fungi (D:2)
3 creatures vanquished.

Grand Total: 98 creatures vanquished

Notes
Turn   | Place    | Note
-------+----------+-------------------------------------------
     0 | D:1      | styxcanada the Spriggan Brigand began the quest for the
                  | Orb.
     0 | D:1      | Reached XP level 1. HP: 10/10 MP: 2/2
    86 | D:1      | Reached skill level 6 in Stealth
   129 | D:1      | Reached XP level 2. HP: 7/15 MP: 3/3
   778 | D:1      | Found a faded altar of an unknown god.
   953 | D:1      | Reached XP level 3. HP: 18/18 MP: 4/4
  1727 | D:2      | Noticed Sigmund
  1734 | D:2      | Killed Sigmund
  1735 | D:2      | Reached skill level 7 in Stealth
  1735 | D:2      | Reached XP level 4. HP: 23/23 MP: 5/5
  1735 | D:2      | Reached XP level 5. HP: 26/26 MP: 6/6
  2001 | D:2      | Reached skill level 8 in Stealth
  2123 | D:2      | Found a runed translucent door.
  2124 | D:2      | Noticed Crazy Yiuf
  2766 | D:3      | Noticed Robin
  2837 | D:3      | Killed Robin
  2887 | D:3      | Reached XP level 6. HP: 14/32 MP: 6/8
  3242 | D:3      | Reached skill level 1 in Spellcasting
  4260 | D:4      | Gained mutation: You are agile. (Dex +2) [potion of
                  | mutation]
  4260 | D:4      | Gained mutation: Your spells are a little easier to cast,
                  | but a little less powerful. [potion of mutation]
  4260 | D:4      | Gained mutation: Your flesh is heat resistant. (rF+)
                  | [potion of mutation]
  4614 | D:5      | Entered Level 5 of the Dungeon
  4634 | D:5      | Found Ximickotu's Magic Scroll Shop.
  4665 | D:5      | You fall into a shaft and drop 3 floors!
  4675 | D:7      | Found Genihiacs's Antique Armour Emporium.
  4728 | D:7      | Noticed an ice beast
  5297 | D:7      | Noticed Maggie
  5305 | D:7      | Killed Maggie
  5306 | D:7      | Reached skill level 9 in Stealth
  5306 | D:7      | Reached XP level 7. HP: 23/36 MP: 9/11
  5313 | D:6      | Learned a level 1 spell: Freeze
  5573 | D:5      | Found Ewuuseji's Distillery.
  5584 | D:5      | Bought a potion of curing for 42 gold pieces
  5666 | D:5      | Reached skill level 5 in Dodging
  5832 | D:5      | Slain by an ogre

Illustrated notes

Levels and vault maps discovered:
D:1:      matt_arrival_grand_opening, layout_basic,
          dilly_ecumenical_altar_fadedgnrine, minivault_23, serial_park_tiny_2,
          minmay_nonomino_d4
D:2:      minmay_wonky_spiral, layout_loops_corners, minmay_crystal_water,
          uniq_crazy_yiuf_cottage, uniq_sigmund
D:3:      layout_basic, solitary_fountain, chequers_serial_rivers_small_a,
          uniq_robin
D:4:      layout_basic, st_stairs_9
D:5:      layout_rooms, serial_shops, shop, shop, nicolae_square_shop,
          kennysheep_little_box, chequers_serial_rivers_room_b
D:6:      layout_loops_corners, serial_bayou_ford_a
D:7:      layout_loops_ring, temple_fountains, serial_shops, nicolae_shop_stone,
          minmay_misc_feat_encased, uniq_maggie
D:8:      layout_basic, nicolae_overflow_hallway_of_the_gods, grunt_potential

Skill      XL: |  1  2  3  4  5  6  7 |
---------------+----------------------+-----
Stealth        | 6 7 8 9 |  9.3
Dodging        | 2 3 4 5 |  5.1
Fighting       | 2 3 |  3.2
Short Blades   | 3 4 |  4.4
Spellcasting   | 2 |  2.8
Throwing       | 3 |  3.1
Ice Magic      | |  0.3

Action                   |  1- 3 |  4- 6 |  7- 9 || total
-------------------------+-------+-------+-------++-------
Melee: Dagger            |    85 |   229 |    64 ||   378
       Punch             |     1 |     2 |     3 ||     6
Throw: Dart              |    12 |    31 |     3 ||    46
       Stone             |       |     9 |     1 ||    10
  Use: Scroll            |       |     6 |     1 ||     7
       Potion            |       |     2 |       ||     2
 Stab: Sleeping          |     7 |    11 |       ||    18
       Distracted        |       |     4 |       ||     4
Armor: Robe              |     9 |    30 |     2 ||    41
Dodge: Dodged            |    66 |   154 |    48 ||   268
